 Dungeon Crawl Stone Soup version 0.19.1 (webtiles) character file.

76 nikopol the Skirmisher (level 4, -2/43 HPs)
             Began as a Gargoyle Berserker on Dec 24, 2016.
             Was a Believer of Trog.
             Slain by Grinder (3 damage)
             ... on level 3 of the Dungeon.
             The game lasted 00:04:20 (1637 turns).

nikopol the Skirmisher (Gargoyle Berserker)         Turns: 1637, Time: 00:04:20

Health: -2/43      AC: 11    Str: 26    XL:     4   Next: 32%
Magic:  4/4        EV: 10    Int:  7    God:    Trog [**....]
Gold:   144        SH:  3    Dex: 10    Spells: 0 memorised, 3 levels left

rFire  . . .     SeeInvis .     a - +0 war axe
rCold  . . .     Gourm    .     d - +0 scale mail
rNeg   + . .     Faith    .     h - +0 buckler
rPois  ∞         Spirit   .     (no helmet)
rElec  +         Reflect  .     (no cloak)
rCorr  .         Harm     .     o - +0 pair of gloves
MR     .....                    (no boots)
Stlth  ..........               (no amulet)
                                (no ring)
                                (no ring)

@: berserking, very quick
A: negative energy resistance 1, electricity resistance, unbreathing,
petrification resistance, rot immunity, AC +3
a: Berserk, Trog's Hand, Burn Spellbooks, Renounce Religion


You were on level 3 of the Dungeon.
You worshipped Trog.
Trog was pleased with you.
You were not hungry.

You visited 1 branch of the dungeon, and saw 3 of its levels.

You collected 144 gold pieces.

Inventory:

Hand Weapons
 a - a +0 war axe (weapon)
 s - a +0 hand axe
Missiles
 g - 22 arrows (quivered)
Armour
 b - a +0 animal skin
 d - a +0 scale mail (worn)
 h - a +0 buckler (worn)
 o - a +0 pair of gloves (worn)
Scrolls
 f - a scroll of blinking {unknown}
 j - 7 scrolls of identify {unknown}
 k - 2 scrolls of remove curse {unknown}
 r - a scroll of enchant weapon {unknown}
Potions
 e - a potion of curing {unknown}
 i - 2 potions of haste {unknown}
 p - a potion of magic {unknown}
Books
 q - a book of Changes

   Spells                             Type                      Level
   a - Beastly Appendage              Transmutation                1
   b - Sticks to Snakes               Transmutation                2
   c - Spider Form                    Transmutation/Poison         3
   d - Ice Form                       Ice/Transmutation            4
   e - Blade Hands                    Transmutation                5
   Trog disapproves of the use of such an item.
Comestibles
 c - a bread ration
 l - a beef jerky
 m - a royal jelly
 n - 2 fruits


   Skills:
 + Level 4.1 Fighting
 + Level 3.2 Axes
 + Level 2.7 Armour
 + Level 1.8 Dodging
 + Level 1.5 Shields


You had 3 spell levels left.
You didn't know any spells.

Dungeon Overview and Level Annotations

Branches:
Dungeon (3/15)

Altars:

Annotations:
D:3 Grinder


Innate Abilities, Weirdness & Mutations

You are resistant to torment.
Your stone body is resilient. (AC +3)
You are immune to poison.
You resist negative energy. (rN+)
You are resistant to electric shocks. (rElec)
You can survive without breathing.
You are immune to petrification.
You are immune to rotting.


Message History

Trog accepts your kill.
You closely miss something. Something hits you.
Something hits you but does no damage.
No target in view!
No target in view!
No target in view!
No target in view!
You slash something! Something hits you but does no damage.
You miss something. Something hits you.
You writhe in agony.
You barely miss something. Something hits you.
You writhe in agony.
Something hits you!
* * * LOW HITPOINT WARNING * * *
A red film seems to cover your vision as you go berserk!
You feel yourself moving faster!
You feel mighty!
You feel a lot more hungry. Something hits you.
* * * LOW HITPOINT WARNING * * *
You closely miss something. Something hits you.
* * * LOW HITPOINT WARNING * * *
You closely miss something. Something hits you.
You die...

..... ..... ......
......
############......
........{........
......(@...#
##...###(#.#
#.#.###.# ###
#####.#.....# ..#
#.......##### ..#
#.........# ..#
#(......#.# ..#
#.......#.# ..#
#.......#.#


There were no monsters in sight!

Vanquished Creatures
  3 adders
  A dart slug (D:1)
  8 bats
  3 giant cockroaches
  5 goblins
  5 hobgoblins
  2 jackals (D:1)
  10 kobolds
  A quokka (D:2)
  2 frilled lizards
  5 rats
45 creatures vanquished.

Notes
Turn   | Place    | Note
-------+----------+-------------------------------------------
     0 | D:1      | nikopol the Gargoyle Berserker began the quest for the Orb.
     0 | D:1      | Reached XP level 1. HP: 14/14 MP: 1/1
   137 | D:1      | Reached XP level 2. HP: 19/19 MP: 2/2
   449 | D:1      | Reached skill level 1 in Shields
   688 | D:2      | Reached XP level 3. HP: 24/24 MP: 3/3
  1150 | D:2      | Reached ** piety under Trog
  1371 | D:2      | Reached XP level 4. HP: 29/29 MP: 4/4
  1579 | D:3      | Reached skill level 4 in Fighting
  1624 | D:3      | Noticed Grinder
  1636 | D:3      | HP: 1/43 [something (3)]
  1637 | D:3      | Slain by Grinder

Skill      XL: |  1  2  3  4 |
---------------+-------------+-----
Shields        | 1 |  1.5
Axes           | 3 |  3.2
Fighting       | 4 |  4.1
Armour         | |  2.7
Dodging        | |  1.8

Action                   |  1- 3 |  4- 6 || total
-------------------------+-------+-------++-------
Melee: Hand axe          |   129 |    31 ||   160
       War axe           |       |    14 ||    14
Invok: Berserk           |       |     1 ||     1
  Eat: Chunk             |     1 |     2 ||     3
Armor: Scale mail        |    72 |    27 ||    99
Dodge: Dodged            |    74 |    27 ||   101
Block: Buckler           |    17 |     3 ||    20
